 Dungeon Crawl Stone Soup version 0.25-a0-589-g1e14c549ee (webtiles) character file.

Game seed: 2109126903230852205, levelgen mode: deterministic

214291 Qrupt the Warrior (level 18, -11/172 HPs)
             Began as a Black Draconian Venom Mage on Jan 20, 2020.
             Was the Champion of Vehumet.
             Mangled by a wolf spider (31 damage)
             ... while paralysed
             ... on level 2 of the Spider Nest on Mar 13, 2020.
             The game lasted 05:41:35 (55434 turns).

Qrupt the Warrior (Black Draconian Venom Mage)     Turns: 55434, Time: 05:41:36

Health: -11/172    AC: 17    Str: 12 (14) XL:     18   Next: 29%
Magic:  35/35      EV:  2    Int: 20 (21) God:    Vehumet [******]
Gold:   3225       SH:  0    Dex: 14 (15) Spells: 1/44 levels left

rFire    . . .     SeeInvis .   Y - +7 long sword of Hatred {freeze, Stlth+}
rCold    + . .     Gourm    .   T - +0 buckler
rNeg     . . .     Faith    .   (armour unavailable)
rPois    +         Spirit   .   Q - +1 hat
rElec    +         Reflect  .   p - +1 cloak {rPois}
rCorr    .         Harm     .   K - +0 pair of gloves
MR       ++...                  M - +2 pair of boots of the Flute {*Corrode rC+ Str+4}
Stlth    +++.......             P - amulet of magic regeneration
HPRegen  0.38/turn              k - +4 ring of evasion
MPRegen  0.49/turn              i - ring of protection from magic

@: paralysed, lethally poisoned (-11 -> -25), berserk cooldown, slowed, lightly
drained
A: breathe lightning, unfitting armour, big wings, electricity resistance,
cold-blooded, AC +10
}: 1/15 runes: decaying
a: Breathe Lightning, Fly, Renounce Religion


You were on level 2 of the Spider Nest.
You worshipped Vehumet.
Vehumet was exalted by your worship.
You were not hungry.

You visited 8 branches of the dungeon, and saw 36 of its levels.
You also visited: Gauntlet and Ice Cave.

You collected 3526 gold pieces.
You spent 301 gold pieces at shops.

Inventory:

Hand Weapons
 r - the +7 quarterstaff of Royalism {flame, rPois rF+++ Int-2 Dex+2}
   (You took it off a minotaur in a Gauntlet)

   It has been specially enchanted to burn those struck by it, causing extra
   injury to most foes and up to half again as much damage against particularly
   susceptible opponents.
   It affects your intelligence (-2).
   It affects your dexterity (+2).
   It renders you almost immune to fire.
   It protects you from poison.
 I - the +7 quarterstaff of Painful Death {elec, rF+ rC+}
   (You found it on level 1 of the Vaults)

   Occasionally, upon striking a foe, it will discharge some electrical energy
   and cause terrible harm.
   It protects you from fire.
   It protects you from cold.
 Y - the +7 long sword of Hatred (weapon) {freeze, Stlth+}
   (You found it on level 4 of the Lair of Beasts)

   It has been specially enchanted to freeze those struck by it, causing extra
   injury to most foes and up to half again as much damage against particularly
   susceptible opponents.
   It can also slow down cold-blooded creatures.
   It makes you more stealthy.
Missiles
 d - 2 throwing nets
 e - 90 poisoned darts (quivered)
Armour
 p - a +1 cloak of poison resistance (worn)
 K - a +0 pair of gloves (worn)
 M - the +2 pair of boots of the Flute (worn) {*Corrode rC+ Str+4}
   (You found it on level 2 of the Lair of Beasts)

   It affects your strength (+4).
   It protects you from cold.
   It may corrode you when you take damage.
 Q - a +1 hat (worn)
 T - a +0 buckler (worn)
Jewellery
 i - a ring of protection from magic (right hand)
 k - a +4 ring of evasion (left hand)
 w - the amulet of Springtime {+Rage +Inv rElec rF- MR++}
   (You found it on level 1 of the Swamp)

   [amulet of rage]

   It makes you vulnerable to fire.
   It insulates you from electricity.
   It affects your resistance to hostile enchantments.
   It lets you turn invisible.
   It lets you go berserk.
 C - an uncursed ring of fire
 D - an uncursed ring of ice
 E - an uncursed amulet of the acrobat
 G - an uncursed ring of resist corrosion
 P - an amulet of magic regeneration (around neck)
Wands
 a - a wand of disintegration (42)
 j - a wand of enslavement (27)
 y - a wand of iceblast (5)
 z - a wand of paralysis (22)
 F - a wand of acid (3)
 L - a wand of polymorph (44)
 O - a wand of flame (43)
 W - a wand of clouds (3)
 Z - a wand of digging (11)
Scrolls
 f - 10 scrolls of fog
 g - 12 scrolls of remove curse
 h - 8 scrolls of enchant armour
 l - 7 scrolls of amnesia
 m - a scroll of brand weapon {unknown}
 n - 8 scrolls of enchant weapon
 q - 2 scrolls of blinking
 t - 6 scrolls of identify
 v - 4 scrolls of holy word
 H - a scroll of teleportation
 S - a scroll of fear
 U - a scroll of silence
 V - 5 scrolls of magic mapping
Potions
 c - a potion of resistance {unknown}
 s - 7 potions of curing
 u - 3 potions of brilliance
 A - a potion of magic
 B - 6 potions of cancellation
 J - 4 potions of ambrosia
 R - a potion of heal wounds
 X - 3 potions of might
Comestibles
 b - 33 rations
 o - a chunk of flesh


   Skills:
 + Level 18.0(17.3) Fighting
 - Level 5.0(4.4) Long Blades
 - Level 8.7(8.1) Dodging
 - Level 1.7(1.2) Stealth
 - Level 5.8(5.2) Shields
 - Level 13.6(12.9) Spellcasting
 - Level 10.6(10.0) Conjurations
 - Level 4.9(4.3) Hexes
 + Level 13.6(12.9) Summonings
 - Level 3.0(2.4) Translocations
   Level 1.0(0.5) Transmutations
   Level 4.2(3.6) Ice Magic
 - Level 11.9(11.3) Air Magic
 - Level 7.7(7.1) Poison Magic


You had one spell level left.
You knew the following spells:

 Your Spells              Type           Power        Failure   Level  Hunger
a - Conjure Ball Lightni  Conj/Air       ######....   2%          6    #####..
b - Mephitic Cloud        Conj/Pois/Air  ######..     1%          3    None
c - Poisonous Vapours     Pois/Air       #####.       1%          2    None
d - Summon Lightning Spi  Summ/Air       ######..     1%          4    None
e - Summon Mana Viper     Hex/Summ       #####...     4%          5    ####...
f - Airstrike             Air            ######....   1%          4    None
g - Lightning Bolt        Conj/Air       ######....   1%          5    ####...
h - Blink                 Tloc           N/A          2%          2    None
i - Summon Demon          Summ           ######....   1%          5    ####...
j - Summon Hydra          Summ           ######....   22%         7    #######

Your spell library contained the following spells:

 Spells                   Type           Power        Failure   Level  Hunger
 Chain Lightning          Conj/Air       ######....   69%         8    #######
 Ignition                 Fire           ##........   100%        8    #######
 Fire Storm               Conj/Fire      ####......   100%        9    #######
 Apportation              Tloc           ###...       1%          1    None
 Corona                   Hex            ####...      1%          1    None
 Foxfire                  Conj/Fire      ####         1%          1    None
 Freeze                   Ice            ####         1%          1    None
 Sting                    Tmut/Pois      ####         1%          1    None
 Summon Butterflies       Summ           ######..     1%          1    None
 Summon Small Mammal      Summ           ####         1%          1    None
 Beastly Appendage        Tmut           ###...       4%          1    None
 Call Imp                 Summ           ######..     1%          2    None
 Slow                     Hex            ####....     1%          2    None
 Call Canine Familiar     Summ           ######..     1%          3    None
 Conjure Flame            Conj/Fire      ####....     1%          3    None
 Dazzling Flash           Conj/Hex       #####.       1%          3    None
 Ignite Poison            Fire/Tmut/Pois ###.....     1%          3    None
 Inner Flame              Hex/Fire       ###.....     1%          3    None
 Recall                   Summ/Tloc      N/A          1%          3    None
 Summon Guardian Golem    Hex/Summ       #####...     1%          3    None
 Hailstorm                Conj/Ice       #####...     1%          4    None
 Olgreb's Toxic Radiance  Pois           #####...     1%          4    None
 Summon Ice Beast         Ice/Summ       #####...     1%          4    None
 Aura of Abjuration       Summ           ######....   1%          5    ####...
 Confusing Touch          Hex            ####....     2%          3    None
 Tukima's Dance           Hex            ####....     2%          3    None
 Portal Projectile        Hex/Tloc       ####..       3%          3    None
 Spider Form              Tmut/Pois      ####......   3%          3    None
 Shadow Creatures         Summ           N/A          3%          6    #####..
 Shroud of Golubria       Chrm/Tloc      ###...       4%          2    None
 Irradiate                Conj/Tmut      ####......   4%          5    ####...
 Gell's Gravitas          Tloc           ###.......   5%          3    None
 Lesser Beckoning         Tloc           ###.......   5%          3    None
 Teleport Other           Tloc           ###.....     5%          3    None
 Iskenderun's Battlesphe  Conj/Chrm      ####....     5%          5    ####...
 Sticks to Snakes         Tmut           ###.....     6%          2    None
 Silence                  Hex/Air        #####.....   6%          5    ####...
 Summon Forest            Summ/Tloc      #####.....   6%          5    ####...
 Freezing Cloud           Conj/Ice/Air   #####.....   7%          6    #####..
 Ozocubu's Armour         Chrm/Ice       ###.....     8%          3    None
 Cause Fear               Hex            ####......   9%          4    None
 Bolt of Magma            Conj/Fire/Erth ####......   11%         5    ####...
 Spellforged Servitor     Conj/Summ      ######....   11%         7    #######
 Yara's Violent Unravell  Hex/Tmut       ###.......   13%         5    ####...
 Orb of Destruction       Conj           ######....   17%         7    #######
 Passage of Golubria      Tloc           N/A          19%         4    None
 Leda's Liquefaction      Hex/Erth       ###.......   21%         4    None
 Ice Form                 Ice/Tmut       ###.....     22%         4    None
 Iron Shot                Conj/Erth      ####......   24%         6    #####..
 Metabolic Englaciation   Hex/Ice        ####......   26%         5    ####...
 Alistair's Intoxication  Tmut/Pois      ####....     30%         5    ####...
 Petrify                  Tmut/Erth      ##......     43%         4    None
 Animate Dead             Necr           N/A          45%         4    None
 Deflect Missiles         Chrm/Air       #####.....   61%         6    #####..
 Blade Hands              Tmut           ###.......   75%         5    ####...
 Invisibility             Hex            ####....     78%         6    #####..
 Agony                    Necr           ##......     82%         5    ####...
 Borgnjor's Vile Clutch   Necr/Erth      ##........   82%         5    ####...
 Simulacrum               Ice/Necr       ###.......   98%         6    #####..
 Hydra Form               Tmut           ###.......   99%         6    #####..
 Death Channel            Necr           ##........   100%        6    #####..
 Statue Form              Tmut/Erth      ##.......    100%        6    #####..
 Dragon Form              Tmut           ###.......   100%        7    #######
 Ring of Flames           Chrm/Fire      ##........   100%        7    #######
 Tornado                  Air            ######....   100%        9    #######


Dungeon Overview and Level Annotations

Branches:
Dungeon (15/15)            Temple (1/1) D:5            Lair (6/6) D:9
  Swamp (4/4) Lair:3       Spider (3/4) Lair:4        Slime (0/5) Lair:6
    Orc (2/2) D:11            Elf (1/3) Orc:2        Vaults (4/5) D:14
  Crypt (0/3) Vaults:2     Depths (0/5) D:15          IceCv (visited)
Gauntlet (visited)

Altars:
Ashenzari
Cheibriados
Dithmenos
Elyvilon
Fedhas
Gozag
Hepliaklqana
Kikubaaqudgha
Makhleb
Nemelex Xobeh
Okawaru
Qazlal
Ru
Sif Muna
Trog
Uskayaw
Vehumet
Wu Jian
Xom
Yredelemnul
Zin
The Shining One
Jiyva

Shops:
D:8 :   D:9 (   Orc:1 *   Orc:2 [[*%   Elf:1 (

Portals:
Trove: Vaults:3 (show slimy rune of Zot)

Annotations:
Spider:3 Aizul
Orc:2 2 runed translucent doors, exclusions: downstairs and orange crystal statue
Vaults:3 exclusion: downstairs
Vaults:4 Boris


Innate Abilities, Weirdness & Mutations

You can breathe wild blasts of lightning.
Your glossy black scales are hard. (AC +10)
You cannot fit into any form of body armour.
Your large and strong wings let you fly indefinitely.
You are resistant to electric shocks. (rElec)
You are cold-blooded and may be slowed by cold attacks.


Message History

The wolf spider hits you! The wolf spider bites you!
The moth of wrath bites you. The wolf spider hits you!
The wolf spider bites you.
You are poisoned.
The wolf spider poisons you!
The wolf spider hits you but does no damage.
The wolf spider bites you but does no damage.
The moth of wrath bites you!! The wolf spider hits you!
The wolf spider bites you!
You feel very sick. The wolf spider hits you!
* * * LOW HITPOINT WARNING * * *
The wolf spider bites you!
* * * LOW HITPOINT WARNING * * *
The moth of wrath bites you!
* * * LOW HITPOINT WARNING * * *
The wolf spider completely misses you.
The wolf spider bites you but does no damage.
You feel sick. The wolf spider hits you!!
You die...

......# #^.#..####....!.....#.#
...#### #..###..#...........#.#
...######.######.....8....#####
...#.........####....^...######
..^.............#.#.....####..##
...##...........#.###.##.#.....#
...##..........##.######.......#
...##........###.....###.......##
...###......####@#[...##........#
..## ####..####s#y..............#
..## ###.###..#>.^....#........#
##.####..#....##.......#........#
##.(.....####.##.......#........#
##.##.....# #.##........##.....##
....#.....######........#......#
^###...^...# #........#.#...## .#
#.......## ##.........^...#


You could see a wolf spider (berserk) and a moth of wrath.

Vanquished Creatures
  A sphinx (Vaults:3)
  A thorn hunter (Swamp:4)
  3 vault wardens
  5 ironheart preservers
  2 dire elephants (Lair:6)
  A minotaur (shapeshifter) (Gauntlet)
  A fire dragon (Vaults:3)
  A deep elf death mage (Elf:1)
  2 yaktaur captains
  A death ooze (Lair:6)
  An ice dragon (Vaults:1)
  2 shambling mangroves
  4 centaur warriors
  A ghost crab (Swamp:4)
  4 hydras
  8 dancing weapons
  4 ogre magi
  8 two-headed ogres
  9 alligators
  2 orc high priests (Orc:2)
  2 deep elf knights
  A skeletal warrior (Vaults:4)
  A glowing orange brain (Vaults:2)
  3 wizards
  A spriggan druid (Swamp:3)
  A death drake (shapeshifter) (Vaults:1)
  A deep troll (Vaults:3)
  3 unseen horrors
  An unseen horror (shapeshifter) (D:15)
  6 swamp dragons
  2 orc knights
  6 ironbrand convokers
  8 harpies (Vaults:4)
  14 deep elf magi
  8 deep elf archers
  5 orb spiders
  18 ugly things
  An orc sorcerer (Vaults:1)
  10 wolf spiders
  An elephant (shapeshifter) (Vaults:3)
  6 elephants
  Joseph (D:7)
  7 spiny frogs
  3 vault sentinels
  A spiny frog (shapeshifter) (Vaults:3)
  A centaur skeleton (D:13)
  2 komodo dragons
  5 freezing wraiths
  13 yaktaurs
  A demonic crawler (Spider:1)
  A ball lightning (Vaults:3)
  A rime drake (Lair:6)
  A shadow dragon simulacrum (Vaults:3)
  2 trolls (shapeshifter)
  A jumping spider (shapeshifter) (Gauntlet)
  2 meliai (Spider:2)
  12 jumping spiders
  4 trolls
  16 hornets
  2 polar bears (Lair:5)
  5 tyrant leeches
  A bog body (Swamp:4)
  3 blink frogs (Lair:3)
  8 slime creatures
  A wind drake (shapeshifter) (Gauntlet)
  8 hippogriffs
  A shadow (Swamp:4)
  4 wyverns
  A vampire (D:14)
  18 redbacks
  11 yaks
  4 spriggans
  10 tarantellas
  3 wraiths
  2 water elementals (Elf:1)
  A tarantella (shapeshifter) (Gauntlet)
  2 basilisks
  3 fire elementals (Elf:1)
  Grum (D:8)
  A hungry ghost (D:12)
  17 vampire mosquitoes
  Edmund (D:5)
  A yaktaur simulacrum (Vaults:3)
  5 insubstantial wisps (Swamp:2)
  7 swamp worms
  7 soldier ants
  4 water moccasins
  6 porcupines
  26 orc warriors
  16 swamp drakes
  A black bear (D:8)
  An eye of draining (D:8)
  A hornet zombie (D:7)
  2 sky beasts
  A tengu (shapeshifter) (Vaults:3)
  A phantom (D:10)
  A black bear (shapeshifter) (Vaults:4)
  4 boggarts
  6 centaurs
  6 wolves
  17 ogres
  9 crocodiles
  A big kobold (D:10)
  12 bullfrogs
  An earth elemental (Elf:1)
  A water moccasin zombie (D:9)
  3 troll zombies (D:11)
  8 scorpions
  5 killer bees (Spider:2)
  5 wights (D:11)
  3 howler monkeys
  2 bullfrog zombies
  4 crimson imps
  6 centaur zombies
  17 orc priests
  3 bullfrog skeletons
  6 hounds
  10 jellies
  Terence (D:2)
  Jessica (D:2)
  4 hell rats (Lair:6)
  25 orc wizards
  5 iguanas
  26 worker ants
  A killer bee zombie (D:6)
  5 ogre zombies (D:11)
  2 hound zombies
  2 hound skeletons
  Robin (D:2)
  4 gnolls
  11 adders
  A white imp (IceCv)
  An ufetubus (IceCv)
  An ooze (D:1)
  2 adder skeletons
  3 worms
  4 dart slugs
  5 leopard geckos
  69 orcs
  5 ball pythons
  6 giant cockroaches
  15 goblins
  10 hobgoblins
  12 jackals
  3 quokkas
  A ball python skeleton (D:4)
  6 bats
  2 frilled lizards
  A giant cockroach zombie (D:3)
  A goblin skeleton (D:11)
  A goblin zombie (D:11)
  A hobgoblin skeleton (D:11)
  5 hobgoblin zombies (D:11)
  A jackal skeleton (D:7)
  8 kobolds
  2 orc skeletons (D:11)
  14 orc zombies (D:11)
  11 rats
  5 plants (Lair:6)
835 creatures vanquished.

Vanquished Creatures (collateral kills)
  A bone dragon (Vaults:2)
  A lich (Vaults:4)
  2 deep elf sorcerers
  The ghost of Valentain the Geomancer, a journeyman OpVM of Vehumet (Lair:6)
  4 vault wardens
  A ghost moth (Spider:2)
  A ghoul (Vaults:4)
  5 ironheart preservers
  An entropy weaver (Vaults:3)
  A very ugly thing (Vaults:3)
  7 stone giants
  A deep elf annihilator (Elf:1)
  4 dire elephants (Lair:6)
  A minotaur (Gauntlet)
  3 ettins
  A death ooze (Lair:6)
  8 yaktaur captains
  Snorg (D:14)
  A fire dragon (shapeshifter) (Vaults:4)
  2 rakshasas
  Erolcha (D:11)
  5 ogre magi
  2 great orbs of eyes
  3 vault guards (Vaults:2)
  11 hydras
  Fannar (D:11)
  The ghost of godzilla5595 the Cleaver, a journeyman HuBe of Trog (Lair:3)
  An ice dragon (Vaults:4)
  4 death knights
  A catoblepas (Gauntlet)
  2 shambling mangroves
  8 centaur warriors
  A queen ant (D:11)
  7 alligators
  An anaconda (Lair:6)
  13 two-headed ogres
  A deep troll earth mage (Vaults:3)
  2 orc high priests (Orc:2)
  13 slime creatures
  3 deep elf knights (Elf:1)
  A shadow wraith (Vaults:2)
  3 deep trolls (Vaults:3)
  3 swamp dragons
  A swamp dragon (shapeshifter) (D:14)
  A spriggan druid (Swamp:2)
  9 ironbrand convokers
  A harpy (Vaults:4)
  9 orc knights
  A deep elf archer (Vaults:2)
  A phantasmal warrior (Vaults:4)
  7 wolf spiders
  An orb spider (shapeshifter) (Vaults:4)
  5 deep elf magi
  A cyclops (D:13)
  5 orb spiders
  18 ugly things
  8 elephants
  5 orc sorcerers (Orc:2)
  A manticore (D:14)
  A centaur zombie (D:15)
  An elephant (shapeshifter) (Vaults:3)
  A black mamba (shapeshifter) (D:15)
  3 black mambas
  10 vault sentinels
  Maurice (D:13)
  2 gargoyles
  4 komodo dragons
  11 spiny frogs
  A ball lightning (Spider:2)
  5 freezing wraiths
  10 yaktaurs
  2 demonic crawlers (Spider:2)
  3 trolls
  8 jumping spiders
  A polar bear (Lair:2)
  A queen bee (Spider:2)
  4 hornets
  A meliai (Spider:2)
  A meliai (shapeshifter) (Vaults:1)
  A wolf spider simulacrum (D:15)
  7 tyrant leeches
  14 blink frogs
  A raiju (shapeshifter) (Vaults:1)
  6 bog bodies
  3 hippogriffs
  12 redbacks
  A spriggan (Swamp:2)
  9 tarantellas
  A vampire (D:14)
  9 yaks
  3 basilisks
  A steam dragon (D:15)
  A hungry ghost (D:11)
  16 vampire mosquitoes
  A harpy simulacrum (D:15)
  2 water moccasins
  6 wargs
  10 swamp worms
  3 swamp drakes
  6 soldier ants (D:11)
  5 porcupines
  16 orc warriors
  2 phantoms (D:11)
  A black bear (D:10)
  3 centaurs
  3 wolves (Lair:1)
  8 ogres
  2 boggarts (D:15)
  3 crocodiles
  A wyvern zombie (D:9)
  5 bullfrogs
  6 killer bees (Spider:2)
  A howler monkey (D:14)
  A quasit (D:9)
  A hound (D:11)
  6 orc priests
  A jelly (Lair:6)
  9 orc wizards
  13 worker ants
  2 hell rats (Lair:6)
  A howler monkey zombie (D:9)
  2 white imps (IceCv)
  5 ufetubi (IceCv)
  23 orcs
  A quokka (D:11)
  An orc zombie (D:11)
  A plant (Lair:4)
516 creatures vanquished.

Vanquished Creatures (others)
  A deep elf mage (D:14)
  A wizard (D:4)
  A worldbinder (Gauntlet)
  41 ball lightnings
  A soldier ant (D:11)
  An orc wizard (Vaults:1)
  2 worker ants (D:11)
  2 white imps (IceCv)
  8 ufetubi (IceCv)
  4 fungi
  22 plants
84 creatures vanquished.

Grand Total: 1435 creatures vanquished

Notes
Turn   | Place    | Note
-------+----------+-------------------------------------------
     0 | D:1      | Qrupt the Draconian Venom Mage began the quest for the Orb.
     0 | D:1      | Reached XP level 1. HP: 14/14 MP: 3/3
   146 | D:1      | Reached XP level 2. HP: 17/22 MP: 0/5
   266 | D:1      | Reached skill level 1 in Fighting
   612 | D:1      | Reached XP level 3. HP: 28/28 MP: 2/6
   923 | D:2      | Found a shattered altar of Ashenzari.
  1058 | D:2      | Noticed Robin
  1079 | D:1      | Reached skill level 2 in Fighting
  1213 | D:2      | Killed Robin
  1213 | D:2      | Reached XP level 4. HP: 27/36 MP: 0/8
  1252 | D:2      | Noticed Terence
  1272 | D:2      | Killed Terence
  1469 | D:2      | Noticed Jessica
  1527 | D:2      | Killed Jessica
  1527 | D:2      | Reached XP level 5. HP: 29/44 MP: 0/9
  2149 | D:3      | Learned a level 3 spell: Mephitic Cloud
  2165 | D:3      | Reached skill level 3 in Fighting
  2880 | D:3      | Reached skill level 1 in Conjurations
  2880 | D:3      | Reached skill level 1 in Air Magic
  3042 | D:4      | Noticed an ogre
  3066 | D:3      | Killed an ogre
  3066 | D:3      | Reached XP level 6. HP: 51/51 MP: 5/10
  3135 | D:4      | Learned a level 2 spell: Poisonous Vapours
  3330 | D:4      | Found a bloodstained altar of Trog.
  3331 | D:4      | Noticed a wizard
  3337 | D:4      | Killed a wizard
  3458 | D:4      | Reached skill level 4 in Fighting
  3568 | D:4      | Reached skill level 5 in Poison Magic
  3568 | D:4      | Your scales start taking on a glossy black colour.
  3568 | D:4      | Reached XP level 7. HP: 59/59 MP: 2/11
  3568 | D:4      | Gained mutation: You are resistant to electric shocks.
                  | (rElec) [Black Draconian growth]
  3790 | D:4      | Found a sparkling altar of Nemelex Xobeh.
  4006 | D:5      | Entered Level 5 of the Dungeon
  4091 | D:5      | Found a staircase to the Ecumenical Temple.
  4193 | Temple   | Entered the Ecumenical Temple
  4347 | Temple   | Became a worshipper of Vehumet
  4970 | D:6      | Noticed Edmund
  4991 | D:5      | Killed Edmund
  4991 | D:5      | Reached skill level 5 in Fighting
  5190 | D:6      | Found a shimmering blue altar of Sif Muna.
  5232 | D:6      | Reached XP level 8. HP: 46/68 MP: 5/12
  5800 | D:6      | Found a hide-covered altar of Uskayaw.
  6119 | D:7      | Reached skill level 5 in Air Magic
  6162 | D:7      | Reached * piety under Vehumet
  6162 | D:7      | Offered knowledge of Magic Dart by Vehumet.
  6166 | D:7      | Reached skill level 6 in Fighting
  6176 | D:7      | Identified the Reference Book on Captivating Unholy Secrets
  6405 | D:7      | Found a stormy altar of Qazlal.
  6526 | D:7      | Noticed Joseph
  6538 | D:7      | Reached skill level 5 in Conjurations
  6544 | D:7      | Reached XP level 9. HP: 64/78 MP: 13/13
  6945 | D:7      | Killed Joseph
  7300 | D:7      | HP: 3/78 [orc priest/divine providence (15)]
  7627 | D:7      | Reached skill level 7 in Fighting
  7915 | D:8      | Learned a level 4 spell: Summon Lightning Spire
  8099 | D:8      | Reached skill level 1 in Summonings
  8316 | D:8      | Found Camum's Book Shop.
  8320 | D:8      | Noticed Grum
  8329 | D:8      | Killed Grum
  8479 | D:8      | Reached skill level 8 in Fighting
  8867 | D:8      | Found a blossoming altar of Fedhas.
  8872 | D:8      | Found a snail-covered altar of Cheibriados.
  8942 | D:8      | Found a radiant altar of Vehumet.
  9308 | D:9      | Reached XP level 10. HP: 70/88 MP: 12/14
  9359 | D:9      | Found a staircase to the Lair.
  9434 | D:9      | Reached ** piety under Vehumet
  9460 | D:9      | Offered knowledge of Freeze by Vehumet.
  9729 | D:10     | Entered Level 10 of the Dungeon
 10096 | D:9      | Found Isatuy's Weapon Shoppe.
 10495 | Lair:1   | Entered Level 1 of the Lair of Beasts
 10688 | Lair:1   | Reached skill level 9 in Fighting
 10775 | Lair:1   | Noticed a spiny frog
 10787 | Lair:1   | Killed a spiny frog
 10787 | Lair:1   | Reached skill level 5 in Summonings
 11304 | Lair:1   | Noticed a black mamba
 11311 | Lair:1   | Killed a black mamba
 11808 | Lair:1   | Noticed a black mamba
 11824 | Lair:1   | Killed a black mamba
 11870 | Lair:1   | Noticed a spiny frog
 11872 | Lair:1   | Noticed a spiny frog
 11872 | Lair:1   | Reached skill level 10 in Air Magic
 11872 | Lair:1   | Offered knowledge of Static Discharge by Vehumet.
 11874 | Lair:1   | Noticed a spiny frog
 12007 | Lair:1   | Noticed a spiny frog
 12075 | Lair:1   | Killed a spiny frog
 12078 | Lair:1   | Killed a spiny frog
 12335 | Lair:1   | Killed a spiny frog
 12335 | Lair:1   | Reached *** piety under Vehumet
 12335 | Lair:1   | Reached XP level 11. HP: 99/99 MP: 12/16
 12470 | Lair:1   | Reached skill level 10 in Fighting
 12655 | Lair:2   | Found a frozen archway.
 12743 | IceCv    | Entered an ice cave
 12967 | Lair:2   | Got a pair of distressingly furry boots
 12972 | Lair:2   | Identified the +2 pair of boots of the Flute {*Corrode rC+
                  | Str+4} (You found it on level 2 of the Lair of Beasts)
 12984 | Lair:2   | Offered knowledge of Sticky Flame by Vehumet.
 13864 | Lair:3   | Noticed a six-headed hydra
 13872 | Lair:2   | Learned a level 4 spell: Summon Ice Beast
 14186 | Lair:3   | Killed a six-headed hydra
 14186 | Lair:3   | Reached skill level 1 in Ice Magic
 14377 | Lair:3   | Found a large runed translucent door.
 14377 | Lair:3   | Found a large runed translucent door.
 14378 | Lair:3   | Noticed godzilla5595's ghost (journeyman HuBe)
 14497 | Lair:3   | Found a staircase to the Swamp.
 14510 | Lair:3   | Reached **** piety under Vehumet
 14768 | Lair:3   | Killed godzilla5595's ghost
 14956 | Lair:4   | Found a hole to the Spider Nest.
 15010 | Lair:4   | Offered knowledge of Airstrike by Vehumet.
 15016 | Lair:4   | Learned a level 4 spell: Airstrike
 15421 | Lair:4   | Reached skill level 5 in Spellcasting
 15687 | Lair:4   | You fall into a shaft and drop 2 floors!
 15687 | Lair:6   | Entered Level 6 of the Lair of Beasts
 15725 | Lair:6   | Found a staircase to the Slime Pits.
 15726 | Lair:6   | Found a viscous altar of Jiyva.
 15742 | Lair:5   | Reached XP level 12. HP: 106/108 MP: 12/20
 16006 | Lair:4   | Reached skill level 11 in Fighting
 16107 | Lair:4   | Got a twisted long sword
 16108 | Lair:4   | Identified the +7 long sword of Hatred {freeze, Stlth+}
                  | (You found it on level 4 of the Lair of Beasts)
 16427 | Lair:5   | Noticed an eight-headed hydra
 16434 | Lair:5   | Killed an eight-headed hydra
 16515 | Lair:5   | Reached ***** piety under Vehumet
 16595 | Lair:5   | Offered knowledge of Conjure Ball Lightning by Vehumet.
 16595 | Lair:5   | Reached skill level 5 in Dodging
 16808 | Lair:6   | Found a runed translucent gate.
 16970 | Lair:6   | Reached skill level 1 in Long Blades
 16981 | Lair:6   | Learned a level 6 spell: Conjure Ball Lightning
 17138 | Lair:6   | Found a runed translucent gate.
 17138 | Lair:6   | Found a runed translucent gate.
 17139 | Lair:6   | Noticed a death ooze
 17140 | Lair:6   | Found a viscous altar of Jiyva.
 17140 | Lair:6   | Noticed Valentain's ghost (journeyman OpVM)
 17140 | Lair:6   | Noticed a death ooze
 17497 | Lair:6   | Noticed an anaconda
 17514 | Lair:6   | Killed an anaconda
 17523 | Lair:6   | Noticed a dire elephant
 17545 | Lair:6   | Killed a dire elephant
 17670 | Lair:6   | Noticed a dire elephant
 17670 | Lair:6   | Noticed a dire elephant
 17690 | Lair:6   | Noticed a dire elephant
 17843 | Lair:6   | Killed a dire elephant
 18110 | Lair:6   | Noticed a dire elephant
 18131 | Lair:6   | Killed a dire elephant
 18467 | Lair:6   | Killed a dire elephant
 18639 | Lair:6   | Noticed a dire elephant
 18675 | Lair:6   | Killed a dire elephant
 18713 | Lair:6   | Killed a dire elephant
 18879 | Lair:6   | Killed a death ooze
 18891 | Lair:6   | Killed Valentain's ghost
 18891 | Lair:6   | Reached skill level 12 in Fighting
 18892 | Lair:6   | Killed a death ooze
 18923 | Lair:6   | Identified the Collected Works on Intoxication and Creation
 19203 | D:10     | Found a shattered altar of Ashenzari.
 19364 | D:10     | Reached XP level 13. HP: 118/118 MP: 23/23
 19709 | D:11     | Noticed Fannar
 19810 | D:11     | Offered knowledge of Spellforged Servitor by Vehumet.
 19823 | D:11     | Killed Fannar
 19856 | D:11     | Reached skill level 5 in Long Blades
 20321 | D:11     | Found a staircase to the Orcish Mines.
 20479 | D:11     | Noticed Erolcha
 20682 | D:11     | Killed Erolcha
 20965 | Orc:1    | Entered Level 1 of the Orcish Mines
 21024 | Orc:1    | Offered knowledge of Lee's Rapid Deconstruction by Vehumet.
 21098 | Orc:2    | Entered Level 2 of the Orcish Mines
 21098 | Orc:2    | Noticed an ettin
 21135 | Orc:1    | Killed an ettin
 21335 | Orc:2    | Noticed an ettin
 21343 | Orc:2    | Killed an ettin
 21731 | Orc:2    | Found a runed translucent door.
 21778 | Orc:2    | Found the +10 large shield of Ignorance {rN+ Int-4}
 21783 | Orc:2    | Found a runed translucent door.
 21848 | Orc:2    | Found a staircase to the Elven Halls.
 21910 | Orc:2    | Found Wismym's Armour Shop.
 22216 | Orc:2    | Found Bant's Armour Shop.
 22216 | Orc:2    | Found Egee's Food Emporium.
 22623 | Orc:1    | Found Bmmuacau's Bounteous Boutique.
 22652 | Orc:1    | Bought a scroll of blinking for 97 gold pieces
 22695 | Orc:1    | Reached skill level 13 in Fighting
 22945 | Orc:2    | Offered knowledge of Lightning Bolt by Vehumet.
 22981 | Orc:2    | Found Xaepliw's General Store.
 22994 | Orc:2    | Bought a potion of heal wounds for 75 gold pieces
 22994 | Orc:2    | Bought a potion of heal wounds for 75 gold pieces
 23028 | Orc:2    | Bought a +0 buckler for 54 gold pieces
 23443 | D:12     | Found a basalt altar of Yredelemnul.
 23478 | D:12     | Reached skill level 1 in Shields
 24699 | D:13     | Noticed Maurice
 24708 | D:13     | Killed Maurice
 24757 | D:13     | Gained mutation: Your large and strong wings let you fly
                  | indefinitely. [Black Draconian growth]
 24757 | D:13     | Reached XP level 14. HP: 129/129 MP: 16/27
 25275 | D:14     | Found a gate leading to a gauntlet.
 25303 | Gauntlet | Entered a Gauntlet
 25303 | Gauntlet | Found a transporter.
 25303 | Gauntlet | Found a transporter.
 25305 | Gauntlet | Found a transporter.
 25323 | Gauntlet | Found a transporter.
 25324 | Gauntlet | Found a transporter.
 25367 | Gauntlet | Found a transporter.
 25438 | Gauntlet | Found a transporter.
 25438 | Gauntlet | Found a transporter.
 25448 | Gauntlet | Found a transporter.
 25448 | Gauntlet | Found a transporter.
 25643 | Gauntlet | Found a runed translucent gate.
 25643 | Gauntlet | Found a runed translucent gate.
 25643 | Gauntlet | Found a runed translucent gate.
 25653 | Gauntlet | Found a transporter.
 25669 | Gauntlet | Noticed an emperor scorpion
 25669 | Gauntlet | a queen ant changed into an emperor scorpion
 25671 | Gauntlet | Found a transporter.
 25674 | Gauntlet | Noticed an azure jelly
 25674 | Gauntlet | an emperor scorpion changed into an azure jelly
 25678 | Gauntlet | Noticed a fire giant
 25678 | Gauntlet | an azure jelly changed into a fire giant
 25691 | Gauntlet | Noticed a stone giant
 25691 | Gauntlet | a fire giant changed into a stone giant
 25692 | Gauntlet | Noticed a fire giant
 25692 | Gauntlet | a stone giant changed into a fire giant
 25694 | Gauntlet | a fire giant changed into an alligator snapping turtle
 25697 | Gauntlet | Noticed a quicksilver dragon
 25697 | Gauntlet | an alligator snapping turtle changed into a quicksilver
                  | dragon
 25698 | Gauntlet | a quicksilver dragon changed into a dire elephant
 25699 | Gauntlet | Noticed an emperor scorpion
 25699 | Gauntlet | a dire elephant changed into an emperor scorpion
 25700 | Gauntlet | Noticed an azure jelly
 25700 | Gauntlet | an emperor scorpion changed into an azure jelly
 25703 | Gauntlet | an azure jelly changed into a minotaur
 25935 | Gauntlet | Identified the +7 quarterstaff of Royalism {flame, rPois
                  | rF+++ Int-2 Dex+2}
 25935 | Gauntlet | Identified the +2 fire dragon scales of the Fisher {rF++
                  | rC- SInv}
 25963 | Gauntlet | Identified the Tome of Icy Conjuration
 25974 | D:14     | Learned a level 5 spell: Lightning Bolt
 26445 | D:14     | Found a gate to the Vaults.
 26731 | Spider:1 | Entered Level 1 of the Spider Nest
 26773 | Spider:1 | Offered knowledge of Orb of Destruction by Vehumet.
 26816 | Spider:1 | Reached ****** piety under Vehumet
 27169 | Spider:1 | Reached skill level 10 in Conjurations
 27770 | Spider:1 | HP: 3/130 [wolf spider (11)]
 28205 | Spider:1 | Learned a level 2 spell: Blink
 28442 | Spider:1 | Reached skill level 14 in Fighting
 28616 | Spider:1 | Reached skill level 5 in Shields
 28818 | Spider:1 | Reached skill level 10 in Spellcasting
 29667 | D:14     | Offered knowledge of Starburst by Vehumet.
 29893 | D:14     | Noticed Snorg
 29912 | D:14     | Killed Snorg
 30328 | D:15     | Entered Level 15 of the Dungeon
 30561 | D:15     | Reached skill level 1 in Translocations
 31068 | D:15     | Reached XP level 15. HP: 131/139 MP: 19/29
 31413 | D:15     | Found a staircase to the Depths.
 31710 | Swamp:1  | Entered Level 1 of the Swamp
 32305 | Swamp:1  | Got a brightly glowing bronze amulet
 33391 | Swamp:2  | Offered knowledge of Ozocubu's Refrigeration by Vehumet.
 35004 | Swamp:2  | Upgraded the game from 0.25-a0-424-g80bd347ae0 to
                  | 0.25-a0-425-g0e000e855e
 35087 | Swamp:2  | Reached skill level 15 in Fighting
 36339 | Swamp:4  | Entered Level 4 of the Swamp
 37356 | Swamp:4  | Noticed a thorn hunter
 37356 | Swamp:4  | Noticed a thorn hunter
 37477 | Swamp:4  | Offered knowledge of Fire Storm by Vehumet.
 37477 | Swamp:4  | Offered knowledge of Chain Lightning by Vehumet.
 37477 | Swamp:4  | Offered knowledge of Ignition by Vehumet.
 38096 | Swamp:4  | Got a decaying rune of Zot
 38346 | Swamp:4  | Reached XP level 16. HP: 126/149 MP: 21/31
 38376 | Swamp:4  | Killed a thorn hunter
 38390 | Swamp:4  | Reached skill level 10 in Summonings
 38587 | Spider:1 | Upgraded the game from 0.25-a0-425-g0e000e855e to
                  | 0.25-a0-426-g7d9e569eea
 38587 | Spider:1 | Identified the amulet of Springtime {+Rage +Inv rElec rF-
                  | MR++} (You found it on level 1 of the Swamp)
 38594 | Spider:1 | Learned a level 5 spell: Summon Demon
 39687 | Vaults:1 | Entered Level 1 of the Vaults
 41249 | Vaults:1 | Got a crystal quarterstaff
 41250 | Vaults:1 | Identified the +7 quarterstaff of Painful Death {elec, rF+
                  | rC+} (You found it on level 1 of the Vaults)
 42183 | Vaults:1 | Reached skill level 16 in Fighting
 42936 | Vaults:1 | Learned a level 5 spell: Summon Mana Viper
 43445 | Vaults:2 | Reached skill level 1 in Hexes
 43675 | Vaults:2 | You fall into a shaft and drop 2 floors!
 45405 | Vaults:3 | Reached XP level 17. HP: 159/159 MP: 18/33
 45447 | Vaults:3 | Upgraded the game from 0.25-a0-426-g7d9e569eea to
                  | 0.25-a0-435-g4b9beb1024
 46376 | Vaults:3 | Found a portal to a secret trove of treasure.
 48020 | Vaults:2 | Reached skill level 17 in Fighting
 48061 | Vaults:2 | Identified the cursed +3 arbalest of Liriheno {penet,
                  | Str+4}
 48306 | Vaults:2 | Noticed a bone dragon
 48711 | Vaults:2 | Found a staircase to the Crypt.
 48768 | Vaults:2 | Killed a bone dragon
 50563 | Vaults:4 | Noticed Boris
 51152 | Vaults:4 | Noticed a lich
 51162 | Vaults:4 | Killed a lich
 51643 | Elf:1    | Entered Level 1 of the Elven Halls
 51645 | Elf:1    | Reached XP level 18. HP: 170/170 MP: 26/35
 51654 | Elf:1    | Learned a level 7 spell: Summon Hydra
 51655 | Elf:1    | Found a huge runed gate.
 51655 | Elf:1    | Found a huge runed gate.
 51655 | Elf:1    | Found a huge runed gate.
 51655 | Elf:1    | Found a huge runed gate.
 51655 | Elf:1    | Found a huge runed gate.
 51655 | Elf:1    | Found a huge runed gate.
 51655 | Elf:1    | Found a huge runed gate.
 51655 | Elf:1    | Found a huge runed gate.
 51962 | Elf:1    | Found a huge runed gate.
 51962 | Elf:1    | Found a huge runed gate.
 51962 | Elf:1    | Found a huge runed gate.
 51962 | Elf:1    | Found a huge runed gate.
 51964 | Elf:1    | Found a huge runed gate.
 51966 | Elf:1    | Found a huge runed gate.
 51967 | Elf:1    | Found a huge runed gate.
 51967 | Elf:1    | Found a huge runed gate.
 51967 | Elf:1    | Found a huge runed gate.
 51975 | Elf:1    | Found a huge runed gate.
 51975 | Elf:1    | Found a huge runed gate.
 51975 | Elf:1    | Found a huge runed gate.
 51975 | Elf:1    | Found a huge runed gate.
 51975 | Elf:1    | Found a huge runed gate.
 52658 | Elf:1    | Found Ariaca's Weapon Shop.
 54211 | Spider:1 | Upgraded the game from 0.25-a0-435-g4b9beb1024 to
                  | 0.25-a0-589-g1e14c549ee
 54600 | Spider:2 | Reached skill level 18 in Fighting
 55269 | Spider:3 | Noticed Aizul
 55434 | Spider:2 | Mangled by a wolf spider

Levels and vault maps discovered:
D:1:      dpeg_arrival_short_road, layout_loops_ring
D:2:      layout_loops_cross, lemuel_doored_altar, first_ration,
          supply_closet_lemuel, palyth_stone_intersect,
          minmay_shallow_snake_nest, uniq_robin, uniq_jessica, uniq_terence
D:3:      layout_basic, minmay_joined_circles
D:4:      layout_basic, lemuel_coloured_pillars_altar, minmay_misc_feat_iff,
          trog_wizard
D:5:      layout_basic, minmay_temple_entry_trees,
          corexii_item_surrounded_by_moat
D:6:      layout_basic, lemuel_blue_sif_altar, eat_drink_and_be_merry_uskayaw,
          uniq_edmund
D:7:      layout_rooms, lemuel_round_altar, grunt_ogre_cave, uniq_joseph
D:8:      layout_basic, kennysheep_mini_moat, serial_shops, shop,
          hangedman_feature_mirror, uniq_grum
D:9:      layout_basic, erik_lair_orcish_takeover, serial_shops,
          nicolae_shop_stone
D:10:     layout_gridville, kennysheep_small_circle
D:11:     layout_loops_cross, zombieorc2_lemuel, zaba_anthell, uniq_fannar,
          uniq_erolcha
D:12:     layout_gridville, basic_altar
D:13:     layout_loops_ring, uniq_maurice
D:14:     layout_long_grid, erik_vaults_1, roderic_lattice_octagonal_star,
          gauntlet_entry_generic, uniq_snorg
D:15:     gammafunk_enter_depths_forms, layout_long_grid
Temple:   eino_temple_rhombus
Lair:1:   layout_long_grid, beast_lair_carwin_7
Lair:2:   layout_long_grid, portal_ice_cave_entry_pillars_2
Lair:3:   layout_gridlike, skrybe_swamp_entry_bodies,
          ebering_ghost_disaster_area
Lair:4:   layout_cave_pods, spider_nest_entry_a
Lair:5:   layout_gridlike
Lair:6:   due_jungle_book, layout_cave_shapes, slime_altar_1,
          gammafunk_ghost_ooze, serial_bayou_shore_a
Swamp:1:  layout_falls_marsh, hangedman_swamp_ruin_hall, swamp_pool5,
          infiniplex_staircase_pool
Swamp:2:  layout_falls_marsh, evilmike_swamp_ruin_house_6, swamp_pool3,
          infiniplex_staircase_pool_2
Swamp:3:  layout_falls_marsh, evilmike_swamp_ruin_house_2, swamp_pool4
Swamp:4:  swamp_alternative, layout_basic_swamp
Spider:1: layout_spider_delve, hangedman_spider_trapstep
Spider:2: layout_chambers, nicolae_looking_at_the_future
Spider:3: layout_spider_delve, uniq_arachne, uniq_aizul
Orc:1:    layout_diamond_mine, nicolae_alphabet_shops
Orc:2:    st_orc_elflike, layout_caves, chequers_guarded_unrand_ignorance
Elf:1:    layout_gridlike, serial_shops, nicolae_shop_behind_doors,
          evilmike_minifort, door_vault
Vaults:1: v_misc_30, nicolae_vaults_network_square, vaults_standard_mumra_x,
          st_hourglassy, v_misc_18, nicolae_vaults_theta,
          nicolae_vaults_asterisk, dpeg_vaults_monster_box,
          hangedman_vaults_stretched_pinwheel, vaults_room_pools,
          hangedman_vaults_corner_blocks, ontoclasm_vaults_hangar, v_misc_3,
          ontoclasm_vaults_tryst, nicolae_vaults_little_squares_4,
          vaults_room_hallway, layout_vaults_omnicross
Vaults:2: v_misc_3, nicolae_vaults_network_s, hangedman_vaults_nails,
          vaults_room_ringed_pool, hangedman_vaults_stagger,
          minmay_crypt_entry_nasty_monster, v_misc_27,
          nicolae_vaults_yaktaur_gun_rack, v_misc_24, ontoclasm_vaults_fault,
          vaults_room_pools, grunt_vaults_hallway_short, layout_vaults_quadrants
Vaults:3: hangedman_vaults_pinch, v_alt_pattern_6, v_alt_pattern_4,
          grunt_vaults_diagonal, v_misc_14, st_lines, v_misc_31,
          vaults_room_large_hall, v_misc_17, vaults_dpeg_ring,
          layout_vaults_ring, enter_trove_6
Vaults:4: nicolae_vaults_minivaults, v_misc_18,
          nicolae_vaults_stairing_the_circle, ontoclasm_vaults_shuriken,
          vaults_room_door_ring, nicolae_vaults_little_squares_3,
          vaults_room_semicircle, layout_vaults_chaotic_city, uniq_boris

Skill      XL: |  1  2  3  4  5  6  7  8  9 10 11 12 13 14 15 16 17 18 |
---------------+-------------------------------------------------------+-----
Fighting       | 1 2 3 4 5 6 8 9 10 12 13 14 15 16 17 18 | 18.0
Spellcasting   | 3 5 7 9 10 11 12 13 | 13.6
Poison Magic   | 4 5 6 7 |  7.7
Conjurations   | 1 2 3 5 7 9 10 | 10.6
Air Magic      | 1 2 4 6 8 10 11 | 11.9
Summonings     | 3 6 7 8 9 11 12 13 | 13.6
Dodging        | 2 4 5 7 8 |  8.7
Ice Magic      | 3 4 |  4.2
Long Blades    | 4 5 |  5.0
Shields        | 2 5 |  5.8
Translocations | 2 3 |  3.0
Hexes          | 2 4 |  4.9
Stealth        | |  1.7
Transmutations | |  1.0

Action                   |  1- 3 |  4- 6 |  7- 9 | 10-12 | 13-15 | 16-18 || total
-------------------------+-------+-------+-------+-------+-------+-------++-------
Melee: Club              |    28 |       |       |       |       |       ||    28
       Tailslap          |     5 |    12 |    35 |    71 |   169 |    69 ||   361
       Unarmed           |     2 |       |       |       |       |       ||     2
       Whip              |    13 |   142 |    61 |       |       |       ||   216
       Flail             |       |       |   197 |   172 |       |       ||   369
       Long sword        |       |       |       |   143 |   882 |   355 ||  1380
Throw: Dart              |       |    20 |       |     1 |     2 |     1 ||    24
 Cast: Sting             |    82 |   121 |   132 |    83 |       |       ||   418
       Mephitic Cloud    |       |     4 |    25 |    28 |    53 |    76 ||   186
       Poisonous Vapours |       |       |    36 |    94 |    94 |    43 ||   267
       Summon Lightning  |       |       |       |    88 |   156 |   130 ||   374
       Airstrike         |       |       |       |     8 |   142 |   261 ||   411
       Summon Ice Beast  |       |       |       |    58 |   195 |    30 ||   283
       Conjure Ball Ligh |       |       |       |       |     8 |    13 ||    21
       Lightning Bolt    |       |       |       |       |    29 |    12 ||    41
       Blink             |       |       |       |       |     4 |     5 ||     9
       Summon Mana Viper |       |       |       |       |       |    84 ||    84
       Summon Demon      |       |       |       |       |       |    45 ||    45
       Summon Hydra      |       |       |       |       |       |     3 ||     3
 Abil: Breathe Lightning |       |       |     2 |    11 |     5 |       ||    18
Evoke: Wand              |       |       |     3 |     9 |     4 |    19 ||    35
       Phantom mirror    |       |       |       |     1 |       |       ||     1
  Use: Scroll            |       |     4 |     6 |    13 |    17 |    17 ||    57
       Potion            |       |       |     2 |     1 |     6 |    13 ||    22
 Stab: Sleeping          |     1 |       |     3 |       |     9 |     1 ||    14
       Confused          |       |     3 |     3 |     4 |    17 |    11 ||    38
       Paralysed         |       |       |     2 |       |       |       ||     2
       Invisible         |       |       |     1 |       |       |       ||     1
       Distracted        |       |       |       |     5 |    15 |     7 ||    27
  Eat: Chunk             |     2 |     8 |    15 |    36 |    48 |    36 ||   145
       Ration            |       |       |     2 |     8 |    16 |    15 ||    41
Armor: Skin              |    32 |    50 |    62 |    77 |   397 |   144 ||   762
Dodge: Dodged            |    65 |   172 |   276 |   365 |  1084 |   500 ||  2462
Block: Buckler           |       |       |       |       |   217 |   149 ||   366
       Rpst.: Long sword |       |       |       |    32 |   240 |    82 ||   354

Table legend:
 A = Non-vault XP
 B = Vault XP
 C = Vault XP percentage of total XP
 D = Non-vault monster count
 E = Vault monster count
 F = Vault count percentage of total count
                 A         B        C        D         E       F
            +---------+---------+-------+---------+---------+-------
      Total |  215661 |  100068 |  31.7 |     971 |     377 |  28.0
            +---------+---------+-------+---------+---------+-------
        D:1 |      62 |       7 |  10.1 |      31 |       4 |  11.4
        D:2 |      40 |     113 |  73.9 |      13 |      10 |  43.5
        D:3 |     191 |      51 |  21.1 |      25 |      12 |  32.4
        D:4 |     326 |       0 |   0.0 |      20 |       0 |   0.0
        D:5 |     587 |     169 |  22.4 |      13 |       1 |   7.1
        D:6 |     286 |       0 |   0.0 |      14 |       0 |   0.0
        D:7 |    1426 |     572 |  28.6 |      27 |       2 |   6.9
        D:8 |     741 |     826 |  52.7 |      16 |       7 |  30.4
        D:9 |     939 |     483 |  34.0 |      27 |       9 |  25.0
       D:10 |    2472 |     145 |   5.5 |      32 |       3 |   8.6
       D:11 |    1931 |    4558 |  70.2 |      32 |      82 |  71.9
       D:12 |    4561 |       0 |   0.0 |      28 |       0 |   0.0
       D:13 |    5638 |     249 |   4.2 |      25 |       1 |   3.8
       D:14 |    7779 |    3505 |  31.1 |      31 |       6 |  16.2
       D:15 |    9430 |    3161 |  25.1 |      30 |      12 |  28.6
     Lair:1 |    2745 |    2058 |  42.8 |      18 |      12 |  40.0
     Lair:2 |    2251 |       0 |   0.0 |      17 |       0 |   0.0
     Lair:3 |    1726 |     947 |  35.4 |       8 |       3 |  27.3
     Lair:4 |    6175 |     171 |   2.7 |      33 |       1 |   2.9
     Lair:5 |    3328 |       0 |   0.0 |      17 |       0 |   0.0
     Lair:6 |    6257 |    4405 |  41.3 |      21 |      11 |  34.4
    Swamp:1 |    8335 |     249 |   2.9 |      26 |       3 |  10.3
    Swamp:2 |   13192 |       0 |   0.0 |      44 |       0 |   0.0
    Swamp:3 |    8336 |    1369 |  14.1 |      31 |       2 |   6.1
    Swamp:4 |    7394 |   11204 |  60.2 |      25 |      23 |  47.9
   Spider:1 |   13324 |    1563 |  10.5 |      54 |       7 |  11.5
   Spider:2 |    9896 |    1728 |  14.9 |      37 |      16 |  30.2
      Orc:1 |    2561 |       0 |   0.0 |      36 |       0 |   0.0
      Orc:2 |    2820 |    5069 |  64.3 |      30 |      25 |  45.5
      Elf:1 |   20044 |       0 |   0.0 |      34 |       0 |   0.0
   Vaults:1 |   14136 |   18002 |  56.0 |      39 |      45 |  53.6
   Vaults:2 |   20519 |    9529 |  31.7 |      50 |      21 |  29.6
   Vaults:3 |   26397 |   13971 |  34.6 |      57 |      21 |  26.9
   Vaults:4 |    9816 |   12888 |  56.8 |      30 |      20 |  40.0
      IceCv |       0 |      50 | 100.0 |       0 |       9 | 100.0
   Gauntlet |       0 |    3026 | 100.0 |       0 |       9 | 100.0
            +---------+---------+-------+---------+---------+-------
